Map: Persephone LE

Players

Highdra

  • Race: Protoss Protoss
  • League: Master
  • Spawn Location: 7:00

LiquidElazer (Elazer) - Winner!

  • Race: Zerg Zerg
  • Spawn Location: 11:00

Event: HomeStory Cup XXVII

VOD

Have the link to the VOD?

Description

Time

  • Played on: June 28, 2025, 7:58 a.m.
  • Length: 7:39

All games in this series

Show
View Real Time Build Order
Export as new Build Order

Highdra Protoss 

Build Orders: 1 Gate Expand, Double Forge, Oracle Opening 

Get SALT Encoding   

  12  0:00  Probe  
  13  0:12  Probe  
  14  0:20  Pylon  
  14  0:24  Probe  
  15  0:34  Probe  
  15  0:40  Gateway  
  15  0:42  Probe  
  16  0:47  Assimilator  
  17  0:52  Probe  
  18  1:04  Probe  
  19  1:16  Probe  
  20  1:25  Nexus  
  20  1:32  Cybernetics Core  
  20  1:36  Probe  
  21  1:42  Assimilator  
  21  1:48  Probe  
  21  1:50  Pylon  
  22  2:00  Probe  
  23  2:01  Adept  
  23  2:12  Probe  
  26  2:22  Adept  
  26  2:24  Stargate, Probe  
  27  2:36  Probe  
  29  2:38  Warp Gate, Probe  
  30  2:48  Probe, Adept  
  30  2:50  Probe  
  34  3:00  Oracle, Probe  
  34  3:02  Probe  
  39  3:14  Probe x2  
  39  3:19  Pylon  
  41  3:26  Probe x2  
  43  3:33  Nexus  
  43  3:38  Probe  
  43  3:39  Probe  
  45  3:43  Gateway  
  45  3:50  Pylon  
  45  3:51  Probe x2  
  47  3:56  Oracle  
  50  4:03  Probe x2  
  50  4:08  Twilight Council  
  52  4:11  Assimilator  
  52  4:14  Assimilator  
  52  4:15  Probe x2  
  54  4:18  Shield Battery  
  54  4:24  Probe  
  54  4:25  Pylon  
  54  4:27  Probe  
  56  4:32  Probe  
  57  4:39  Probe  
  57  4:40  Forge  
  57  4:41  Forge, Probe  
  59  4:48  Probe  
  59  4:51  Probe, Blink  
  61  4:54  Probe  
  61  4:58  Probe  
  62  5:03  Probe  
  62  5:06  Probe  
  65  5:07  Protoss Ground Armor Level 1  
  65  5:08  Probe  
  65  5:10  Stalker x2  
  70  5:15  Probe  
  70  5:17  Protoss Ground Weapons Level 1  
  70  5:19  Gateway  
  70  5:20  Gateway  
  71  5:23  Probe x2  
  71  5:27  Probe  
  74  5:32  Gateway  
  74  5:35  Gateway  
  74  5:36  Probe x2  
  74  5:39  Gateway  
  76  5:48  Stalker  
  75  5:54  Probe x2  
  75  5:55  Probe  
  74  5:59  Stalker  
  76  6:14  Gateway  
  76  6:16  Gateway, Pylon  
  76  6:21  Photon Cannon  
  76  6:22  Stalker  
  76  6:23  Stalker x3  
  84  6:26  Pylon  
  84  6:27  Pylon  
  82  6:45  Stalker x4  
  90  6:49  Pylon x2  
  90  6:51  Pylon  
  85  6:54  Pylon  
  85  7:00  Stalker  
  85  7:01  Stalker  
  79  7:11  Zealot x5  
  87  7:17  Cybernetics Core  
Show
View Real Time Build Order
Export as new Build Order

LiquidElazer Zerg - Winner!

Build Orders: Hatch First 

Get SALT Encoding   

  12  0:00  Drone  
  13  0:08  Drone  
  13  0:14  Drone, Extractor  
  15  0:21  Overlord  
  15  0:41  Drone  
  16  0:46  Hatchery  
  16  0:49  Drone  
  16  0:52  Drone  
  16  0:56  Drone  
  18  1:06  Extractor  
  17  1:11  Spawning Pool  
  17  1:14  Drone  
  17  1:17  Drone  
  18  1:26  Drone  
  19  1:37  Drone  
  20  1:47  Drone  
  21  1:58  Queen x2  
  21  1:59  Zergling x2  
  21  2:01  Overlord  
  26  2:10  Metabolic Boost  
  26  2:12  Drone  
  27  2:15  Drone  
  28  2:23  Drone x2  
  30  2:30  Drone x2  
  30  2:36  Queen  
  34  2:46  Hatchery  
  34  2:49  Overlord  
  33  2:53  Zergling x4  
  33  2:55  Zergling x2  
  36  3:08  Overlord  
  36  3:09  Drone x3  
  36  3:10  Drone x2  
  36  3:12  Spore Crawler  
  40  3:16  Drone x2  
  41  3:21  Drone x2  
  43  3:27  Drone  
  43  3:28  Drone  
  45  3:40  Drone x7  
  52  3:43  Spore Crawler  
  52  3:44  Drone  
  52  3:52  Overlord  
  52  3:59  Drone x2, Spore Crawler  
  52  4:04  Drone, Overlord  
  52  4:05  Lair  
  52  4:08  Drone  
  54  4:10  Drone x4  
  54  4:13  Drone x2  
  54  4:15  Drone  
  54  4:17  Drone  
  62  4:22  Overlord  
  62  4:27  Extractor  
  62  4:29  Zergling x4, Extractor  
  62  4:31  Extractor  
  61  4:34  Zergling x2  
  62  4:41  Zergling x6  
  62  4:45  Zergling x2, Overlord  
  65  4:46  Zergling x8  
  70  4:55  Overlord  
  70  5:01  Zergling x2  
  70  5:02  Zergling x8  
  70  5:05  Overlord, Hydralisk Den  
  74  5:10  Overlord  
  74  5:16  Overlord  
  74  5:18  Drone x3  
  74  5:19  Drone  
  74  5:20  Drone x2  
  80  5:23  Overlord  
  80  5:24  Overlord  
  80  5:34  Hatchery  
  79  5:35  Hydralisk x4  
  79  5:36  Hydralisk x2, Muscular Augments  
  91  5:45  Hydralisk x2  
  90  5:58  Hydralisk x3  
  90  6:00  Zergling x14  
  101  6:06  Hydralisk x2, Zergling x2  
  106  6:19  Hydralisk x3  
  106  6:23  Hydralisk  
  114  6:31  Hydralisk  
  116  6:35  Zergling x20  
  125  6:42  Grooved Spines  
  125  6:46  Zergling x6  
  127  6:52  Zergling x8  
  127  7:01  Hydralisk x6  
  127  7:07  Zergling x2  
  127  7:08  Zergling x10  
  144  7:09  Overlord  
  144  7:11  Overlord  
  136  7:25  Overseer  
Tags
 
Add a new tag
Caveats
  • Supply blocks, unpowered buildings, or Contaminate may cause inaccurate times.
  • Supply counts are checked every 10 seconds.